Map: Opérations galactiques EC

Players

Mac

  • Race: Zerg Zerg
  • League: Gold
  • Spawn Location: 1:00

zidar - Winner!

  • Race: Zerg Zerg
  • League: Platinum
  • Spawn Location: 7:00

VOD

Have the link to the VOD?

Description

Time

  • Played on: Nov. 2, 2016, 2:53 p.m.
  • Length: 4:05
Show
View Real Time Build Order
Export as new Build Order

Mac Zerg 

Build Orders: Hatch First 

Get SALT Encoding   

  12  0:01  Drone  
  13  0:09  Drone  
  14  0:34  Hatchery  
  13  0:50  Spawning Pool  
  12  0:58  Overlord  
  12  1:03  Drone  
  13  1:08  Drone  
  14  1:13  Extractor  
  14  1:15  Drone  
  14  1:32  Drone  
  15  1:34  Drone  
  15  1:37  Queen  
  18  1:43  Zergling x2  
  19  1:52  Queen  
  21  1:56  Drone  
  22  2:14  Roach Warren  
  21  2:20  Zergling x4  
  21  2:21  Zergling x2  
  24  2:39  Spore Crawler  
  24  2:42  Overlord  
  23  2:46  Metabolic Boost  
  23  2:52  Drone  
  23  2:53  Drone  
  25  3:04  Evolution Chamber  
  24  3:26  Zergling x6  
  22  3:29  Roach x2  
  22  3:31  Roach  
  26  3:46  Roach  
Show
View Real Time Build Order
Export as new Build Order

zidar Zerg - Winner!

Build Orders: 1 Base Baneling Bust, Pool Only 

Get SALT Encoding   

  12  0:01  Drone  
  13  0:10  Drone  
  13  0:14  Extractor  
  13  0:16  Drone  
  14  0:37  Spawning Pool  
  14  0:39  Drone  
  14  0:50  Overlord  
  14  0:59  Overlord  
  14  1:24  Metabolic Boost  
  14  1:25  Queen  
  16  1:31  Zergling x2  
  16  1:32  Zergling x2  
  18  1:43  Zergling x2  
  19  1:47  Zergling x2  
  21  1:54  Zergling x2  
  21  2:09  Zergling x2  
  22  2:20  Baneling Nest  
  22  2:21  Zergling x2  
  22  2:30  Zergling x2  
  22  2:33  Zergling x2  
  22  2:34  Zergling x2  
  22  2:35  Zergling x2  
  26  3:09  Zergling x2  
  26  3:10  Zergling x6  
  30  3:13  Overlord x2  
  27  3:30  Zergling x2  
Tags
 
Add a new tag
Caveats
  • Supply blocks, unpowered buildings, or Contaminate may cause inaccurate times.
  • Supply counts are checked every 10 seconds.